 Dungeon Crawl Stone Soup version 0.30.0-30-g96aa6591b8 (webtiles) character file.

Game seed: 11653662244942211621

198002 Fecro the Unseen (level 17, -1/88 HPs)
             Began as a Spriggan Brigand on June 27, 2023.
             Was the Champion of Dithmenos.
             Killed by the air
             ... invoked by a spriggan air mage
              (32 damage)
             ... on level 3 of the Swamp on June 28, 2023.
             The game lasted 05:06:19 (47590 turns).

Fecro the Unseen (Spriggan Brigand)                Turns: 47590, Time: 05:06:19

Health: -1/88      AC: 11    Str:  7    XL:     17   Next: 79%
Magic:  30/30      EV: 26    Int: 13    God:    Dithmenos [******]
Gold:   2808       SH:  0    Dex: 24    Spells: 28/32 levels left

rFire   + . .        G - +4 arbalest (chaos)
rCold   x . .        (shield currently unavailable)
rNeg    . . .        X - +0 swamp dragon scales
rPois   +            (helmet restricted)
rElec   .            y - +2 cloak {rPois}
rCorr   .            (gloves unavailable)
SInv    +            (boots unavailable)
Will    ++++.        W - amulet of regeneration Stlth ******++++
                     L - ring of protection from fire
HPRegen 1.14/turn    T - ring of the Delightful God {Fly rC- Will++ SInv Stlth+}
MPRegen 0.22/turn

%: no passive effects
@: brilliant, flying, hasted, wreathed by umbra, very quick
A: very small, no large weapons, unfitting armour, see invisible, speed 3
}: 1/15 runes: decaying
a: Renounce Religion, Shadow Step, Shadow Form


You were on level 3 of the Swamp.
You worshipped Dithmenos.
Dithmenos was exalted by your worship.
You visited 6 branches of the dungeon, and saw 29 of its levels.
You also visited: Bailey and Ice Cave.

You collected 3148 gold pieces.
You spent 340 gold pieces at shops.

Inventory:

Hand Weapons
 a - a +6 vampiric dagger
 G - a +4 arbalest of chaos (weapon)
Missiles
 d - 103 poisoned darts
 f - 244 stones
 l - 6 atropa-tipped darts
 t - 4 curare-tipped darts
 Z - 4 datura-tipped darts
Armour
 u - a +1 troll leather armour {Snorg}
 y - a +2 cloak of poison resistance (worn)
 N - a +2 robe of cold resistance
 X - +0 swamp dragon scales (worn)
Jewellery
 r - an amulet of the acrobat
 L - a ring of protection from fire (left hand)
 T - the ring of the Delightful God (right hand) {Fly rC- Will++ SInv Stlth+}
   (You found it on level 11 of the Dungeon)

   [ring of flight]

   rC:        It makes you vulnerable to cold.
   SInv:      It lets you see invisible.
   Fly:       It grants you flight.
   Will:      It greatly increases your willpower.
   Stlth:     It makes you more stealthy.
 W - an amulet of regeneration (around neck)
Wands
 e - a wand of roots (33)
 k - a wand of flame (89)
 p - a wand of digging (7)
 E - a wand of polymorph (3)
 R - a wand of paralysis (30)
Scrolls
 c - 2 scrolls of enchant weapon
 h - 3 scrolls of enchant armour
 i - 4 scrolls of torment
 j - a scroll of identify
 v - 3 scrolls of silence
 C - 4 scrolls of poison
 F - 14 scrolls of teleportation
 H - 2 scrolls of brand weapon
 I - 9 scrolls of vulnerability
 M - 5 scrolls of butterflies
 O - 2 scrolls of magic mapping {unknown}
 Q - 12 scrolls of fear
 S - 6 scrolls of immolation
 V - 3 scrolls of fog
 Y - a scroll of acquirement {unknown}
Potions
 g - a potion of ambrosia {unknown}
 m - 10 potions of curing
 n - 5 potions of haste
 o - 2 potions of magic {unknown}
 q - 6 potions of might
 s - 3 potions of mutation {unknown}
 w - 3 potions of invisibility {unknown}
 x - a potion of resistance {unknown}
 z - 4 potions of cancellation {unknown}
 A - 3 potions of lignification {unknown}
 B - 2 potions of heal wounds
 D - 5 potions of attraction {unknown}
 J - a potion of berserk rage {unknown}
 K - 2 potions of flight {unknown}
Miscellaneous
 P - a phantom mirror
 U - a lightning rod (4/4)


   Skills:
 + Level 9.7 Fighting
 + Level 8.4 Short Blades
 + Level 17.2 Ranged Weapons
 * Level 14.6 Throwing
 + Level 4.3 Armour
 * Level 14.7 Dodging
 + Level 19.1 Stealth
 * Level 8.0 Spellcasting
 * Level 4.2 Translocations
 + Level 11.3 Evocations


You had 28 spell levels left.
You knew the following spells:

 Your Spells              Type           Power      Damage    Failure   Level
a - Shock                 Conj/Air       28%        1d4       38%         1
b - Beastly Appendage     Tmut           14%        N/A       38%         1
c - Blink                 Tloc           48%        N/A       11%         2

Your spell library contained the following spells:

 Spells                   Type           Power      Damage    Failure   Level
 Apportation              Tloc           48%        N/A       8%          1
 Lesser Beckoning         Tloc           48%        N/A       11%         2
 Momentum Strike          Conj/Tloc      32%        3d8       26%         2
 Summon Small Mammal      Summ           28%        N/A       38%         1
 Portal Projectile        Hex/Tloc       32%        N/A       47%         3
 Vhi's Electric Charge    Tloc/Air       32%        N/A       47%         3
 Volatile Blastmotes      Fire/Tloc      32%        2d12      47%         3
 Cigotuvi's Dreadful Rot  Necr/Pois/Air  14%        N/A       54%         2
 Ensorcelled Hibernation  Hex/Ice        14%        N/A       54%         2
 Passwall                 Tmut/Erth      5%         N/A       54%         2
 Sublimation of Blood     Necr           7%         N/A       54%         2
 Wereblood                Tmut           7%         N/A       54%         2
 Passage of Golubria      Tloc           24%        N/A       58%         4
 Call Canine Familiar     Summ           7%         N/A       77%         3
 Ozocubu's Armour         Ice            7%         N/A       77%         3
 Spider Form              Tmut/Pois      7%         N/A       77%         3
 Summon Guardian Golem    Hex/Summ       7%         N/A       77%         3
 Swiftness                Air            7%         N/A       77%         3
 Tukima's Dance           Hex            7%         N/A       77%         3
 Iskenderun's Mystic Bla  Conj/Tloc      16%        2d5       87%         4
 Airstrike                Air            3%         2d(1-17)  99%         4
 Anguish                  Hex/Necr       3%         N/A       99%         4
 Fulminant Prism          Conj/Hex       3%         3d5       99%         4
 Petrify                  Tmut/Erth      7%         N/A       99%         4
 Summon Lightning Spire   Summ/Air       7%         N/A       99%         4
 Alistair's Intoxication  Tmut/Pois      4%         N/A       100%        5
 Arcjolt                  Conj/Air       3%         1d13      100%        5
 Blade Hands              Tmut           3%         N/A       100%        5
 Borgnjor's Vile Clutch   Necr/Erth      3%         N/A       100%        5
 Irradiate                Conj/Tmut      3%         3d12      100%        5
 Lee's Rapid Deconstruct  Erth           3%         3d5*      100%        5
 Yara's Violent Unravell  Hex/Tmut       3%         3d4       100%        5
 Eringya's Noxious Bog    Tmut/Pois      3%         N/A       100%        6
 Plasma Beam              Fire/Air       3%         2x1d15    100%        6
 Simulacrum               Ice/Necr       3%         N/A       100%        6
 Starburst                Conj/Fire      3%         6d3       100%        6
 Ozocubu's Refrigeration  Ice            3%         4d8       100%        7
 Infestation              Necr           3%         N/A       100%        8
 Polar Vortex             Ice            3%         N/A       100%        9


Dungeon Overview and Level Annotations

Branches:
Dungeon (15/15)            Temple (1/1) D:6            Lair (5/5) D:9
  Swamp (4/4) Lair:2       Spider (0/4) Lair:2        Slime (0/5) Lair:5
    Orc (2/2) D:12            Elf (2/3) Orc:2        Vaults (0/5) D:14
 Depths (0/4) D:15         Bailey (visited)           IceCv (visited)

Altars:
Ashenzari
Cheibriados
Dithmenos
Fedhas
Hepliaklqana
Makhleb
Nemelex Xobeh
Okawaru
Ru
Sif Muna
Xom
Yredelemnul
Zin
The Shining One
Jiyva

Shops:
D:4 ?   D:11 :   Orc:2 [(=:(=*   Elf:1 *

Portals:
Trove: D:13 (give 6 scrolls of blinking)

Annotations:
D:12 3 runed translucent doors, hgbash's ghost, journeyman TrFi
Swamp:2 3 runed translucent doors, Ykec Esm's ghost, journeyman DrWn
Swamp:4 Aizul


Innate Abilities, Weirdness & Mutations

You are very small and have problems with some larger weapons.
You are too small for most types of armour.
You have supernaturally acute eyesight. (SInv)
You cover ground extremely quickly. (Speed+++)


Message History

You fly downwards.
Level annotation: Aizul
There is a stone staircase leading up here.
Press: ? - help, v - describe, . - travel
Here: Aizul (wandering, hasn't noticed you, umbra)
The floor, spattered with blood.
There is a stone staircase leading up here.
Things that are here:
a +0 robe; a +3 spectral quarterstaff
There is a stone staircase leading up, spattered with blood here.
Aizul shouts!
There is a stone staircase leading up, spattered with blood here.
You shoot a bolt. The bolt misses Aizul.
You fly upwards.
The spriggan air mage shouts!
The spriggan closely misses the spriggan air mage.
The spriggan air mage hits the spriggan with a +0 hand axe!
There is a stone staircase leading down, spattered with blood here.
The spriggan closely misses the spriggan air mage.
The spriggan air mage hits the spriggan with a +0 hand axe!
The spriggan hits the spriggan air mage with a +0 short sword!
The spriggan air mage waves its arms in wide circles.
The air twists around and strikes you!!
You emit a cloud of dark smoke.
The spriggan air mage waves its arms in wide circles.
The air twists around and strikes you!!
You emit a cloud of dark smoke.
The spriggan misses the spriggan air mage.
The spriggan air mage waves its arms in wide circles.
The air twists around and strikes you!!
* * * LOW HITPOINT WARNING * * *
You emit a cloud of dark smoke.
The spriggan air mage waves its arms in wide circles.
The air twists around and strikes you!!
* * * LOW HITPOINT WARNING * * *
You feel much better.
It was a potion of brilliance.
You feel clever all of a sudden.
You feel yourself speed up.
The spriggan air mage waves its arms in wide circles.
The air twists around and strikes you!!
You die...

♣.~.~~♣♣...~~~~~~~~~~~~...~.....
♣♣..~~.♣~..~..~~~~~~~~~~~.~~~.~♣♣
♣♣.....♣♣..♣~.~~~~~~~....~~~~.~♣
~.......♣~♣...~~~~~~~...~~~~~§.♣
..#.###..♣♣~..~~~~~§~~~~.~.~~~.♣♣
..#...#...♣~~~~~~~~~~~~.....~~~.♣
..#...#..~..~~~§~~~~~~§..~§....~♣
###...#....♣~~~~.~§~~~~~~.....♣♣♣
..#...#...~.♣..~@...~~~§~~.~..♣♣
#..##....♣.♣♣~......~...~~§..~.♣♣
#.........~~♣i.~~~~.~..~~~~.~~~~♣
#.....#..~.....~~..♣♣~....<.~~~♣♣
#.....#.§.~......♣♣♣♣♣♣~~~.~♣♣♣♣
####'##§§~.~...~~~♣♣ ♣♣...>♣
.....§§§♣.♣~..~~~.~♣ ♣♣.~~~♣♣
....§§§♣~....[.~~..♣♣♣..~~.♣♣♣♣♣
§§[~♣♣♣♣♣.~~~~§~~~..~~~..~..~~~♣♣


You could see a spriggan air mage (repels missiles).

Vanquished Creatures
  the Lernaean hydra (Swamp:4)
  A tentacled monstrosity (Swamp:4)
  Asterion (Elf:2)
  A thorn hunter (Swamp:4)
  Azrael (D:13)
  4 eleionomae
  7 bunyips
  2 dire elephants (Lair:1)
  Snorg (Orc:2)
  A deep elf death mage (Elf:1)
  17 hydras
  7 catoblepae
  6 two-headed ogres
  6 boulder beetles
  13 dancing weapons
  2 ghost crabs
  5 alligators
  4 merfolk avatars (Swamp:1)
  16 death yaks
  A vampire mage (D:15)
  3 centaur warriors
  A deep troll shaman (Lair:5)
  Urug (Lair:2)
  21 spriggans
  5 orc high priests (Orc:2)
  2 spriggan berserkers (Swamp:3)
  Sonja (Lair:1)
  7 deep elf knights
  2 goliath frogs
  2 skeletal warriors (D:15)
  A flayed ghost (D:10)
  5 spriggan druids
  17 bog bodies
  A lindwurm (Lair:5)
  2 deep elf archers (Elf:1)
  10 swamp dragons
  5 ugly things
  22 deep elf pyromancers
  4 oklob plants (Lair:5)
  11 deep elf zephyrmancers
  6 orc knights
  6 necromancers
  8 cyclopes
  2 orc sorcerers
  A manticore (D:15)
  A fire giant zombie (D:15)
  15 elephants
  3 will-o-the-wisps
  An ice statue (IceCv)
  5 large abominations (Elf:1)
  A black mamba (shapeshifter) (D:10)
  A stone giant skeleton (D:15)
  7 cane toads
  Maggie (D:7)
  3 kobold demonologists
  4 black mambas
  An unseen horror (D:13)
  2 torpor snails (Lair:4)
  A freezing wraith (IceCv)
  17 ice devils (IceCv)
  6 komodo dragons
  A guardian mummy (D:13)
  An anaconda simulacrum (IceCv)
  An efreet (D:13)
  5 rime drakes
  5 tyrant leeches
  16 hornets
  8 trolls
  A bloated husk (Swamp:1)
  5 polar bears
  A blink frog (shapeshifter) (D:11)
  2 spriggan zombies (D:15)
  16 blink frogs
  14 slime creatures
  9 dream sheep
  A jumping spider (shapeshifter) (Elf:1)
  Sigmund (D:2)
  3 vampires
  2 water elementals (Elf:1)
  2 culicivoras (Lair:2)
  An air elemental (Elf:2)
  2 centaur simulacra (D:15)
  A wraith (D:12)
  3 wyverns
  A shadow (D:12)
  Eustachio (D:4)
  50 yaks
  4 fire elementals
  Grum (Lair:1)
  6 basilisks
  15 vampire mosquitoes
  7 death yak simulacra (IceCv)
  A steam dragon (D:8)
  10 wargs
  Edmund (D:3)
  2 harpy simulacra
  9 swamp worms
  An acid dragon (D:11)
  5 hell hounds
  2 hydra simulacra (IceCv)
  13 water moccasins
  A meliai simulacrum (D:15)
  15 orc warriors
  2 ice beasts
  A black bear (shapeshifter) (D:11)
  5 black bears
  10 swamp drakes
  5 ogres
  4 sky beasts
  40 wolves
  7 centaurs
  2 phantoms
  9 kobold brigands
  4 elf zombies (Elf:1)
  13 bullfrogs
  6 cane toad simulacra (IceCv)
  2 gnoll sergeants
  2 scorpions
  An earth elemental (Elf:1)
  10 wights
  3 elephant simulacra (IceCv)
  12 killer bees
  2 howler monkeys
  A lava snake (D:13)
  A jelly (D:6)
  35 orc priests
  2 gnoll boudas
  Terence (D:2)
  4 hounds
  Jessica (D:3)
  3 iguanas
  Natasha (thrice) (D:4 D:3)
  22 orc wizards
  A troll simulacrum (IceCv)
  4 wolf simulacra (IceCv)
  22 gnolls
  2 adders
  2 naga simulacra (IceCv)
  A shadow imp (D:5)
  6 white imps
  3 ufetubi
  3 worms
  2 dart slugs (D:1)
  58 orcs
  8 endoplasms
  3 giant cockroaches
  4 goblins
  2 hobgoblins
  2 jackals (D:5)
  21 kobolds
  2 quokkas
  6 ball pythons
  2 bats
  4 frilled lizards
  6 rats
  A spectral kobold (D:3)
936 creatures vanquished.

Vanquished Creatures (others)
  A centaur warrior (D:13)
  2 ugly things (D:15)
  A spriggan (Swamp:3)
  A vampire mosquito (D:13)
  A wolf (Lair:1)
  2 orcs (D:7)
  12 foxfires
20 creatures vanquished.

Grand Total: 956 creatures vanquished

Notes
Turn   | Place    | Note
-------+----------+-------------------------------------------
     0 | D:1      | Fecro the Spriggan Brigand began the quest for the Orb.
     0 | D:1      | Reached XP level 1. HP: 10/10 MP: 2/2
   185 | D:1      | Reached skill level 6 in Stealth
   464 | D:1      | Reached XP level 2. HP: 15/15 MP: 3/3
   856 | D:2      | Reached skill level 7 in Stealth
   883 | D:2      | Noticed Terence
   887 | D:2      | Killed Terence
   888 | D:2      | Reached XP level 3. HP: 18/18 MP: 4/4
   948 | D:2      | Noticed Sigmund
  1328 | D:2      | Killed Sigmund
  1329 | D:2      | Reached skill level 9 in Stealth
  1329 | D:2      | Reached XP level 4. HP: 23/23 MP: 5/5
  1329 | D:2      | Reached XP level 5. HP: 26/26 MP: 6/6
  1507 | D:2      | Reached skill level 10 in Stealth
  1888 | D:2      | Reached XP level 6. HP: 22/30 MP: 7/7
  1910 | D:2      | Reached skill level 1 in Ranged Weapons
  2350 | D:3      | Noticed Jessica
  2355 | D:3      | Killed Jessica
  2358 | D:3      | Found a faded altar of an unknown god.
  2442 | D:4      | Noticed Edmund
  2561 | D:3      | Killed Edmund
  2813 | D:4      | Noticed Eustachio
  2853 | D:4      | Killed Eustachio
  2854 | D:4      | Reached XP level 7. HP: 35/35 MP: 8/8
  2904 | D:4      | Found Epuweute's Magic Scroll Shoppe.
  2909 | D:4      | Bought a scroll of identify for 20 gold pieces
  3042 | D:4      | Noticed Natasha
  3046 | D:4      | Killed Natasha
  3822 | D:4      | Noticed Natasha
  3839 | D:4      | Killed Natasha
  4083 | D:4      | Noticed Natasha
  4357 | D:3      | Reached skill level 11 in Stealth
  4563 | D:3      | Killed Natasha
  5063 | D:5      | Entered Level 5 of the Dungeon
  5422 | D:4      | Reached XP level 8. HP: 39/39 MP: 9/9
  5566 | D:5      | Found an iron altar of Okawaru.
  5760 | D:5      | Found a shimmering altar of Xom.
  5976 | D:4      | Reached skill level 5 in Ranged Weapons
  6767 | D:5      | Reached skill level 5 in Dodging
  6838 | D:5      | Found a shimmering blue altar of Sif Muna.
  7212 | D:5      | Found a blossoming altar of Fedhas.
  7848 | D:6      | Found a staircase to the Ecumenical Temple.
  7852 | D:6      | Reached skill level 5 in Throwing
  7854 | Temple   | Entered the Ecumenical Temple
  7864 | Temple   | Became a worshipper of Dithmenos the Shadowed
  8144 | D:5      | Reached XP level 9. HP: 18/44 MP: 10/10
  8670 | D:6      | Found a sacrificial altar of Ru.
  8789 | D:6      | Found a hazy altar of Hepliaklqana.
  8888 | D:7      | Found a burning altar of Makhleb.
  9563 | D:7      | Noticed Maggie
  9577 | D:7      | Killed Maggie
 10077 | D:8      | Found a glowing silver altar of Zin.
 10091 | D:8      | Reached * piety under Dithmenos
 11054 | D:8      | Reached skill level 1 in Armour
 11162 | D:8      | Noticed a two-headed ogre
 11187 | D:8      | Killed a two-headed ogre
 11188 | D:8      | Reached skill level 1 in Evocations
 11188 | D:8      | Reached XP level 10. HP: 49/49 MP: 11/11
 12140 | D:9      | Reached ** piety under Dithmenos
 12981 | D:9      | Noticed a soul eater
 12989 | D:9      | Reached skill level 12 in Stealth
 13688 | D:9      | Reached skill level 5 in Short Blades
 13799 | D:9      | Found a staircase to the Lair.
 13955 | D:10     | Entered Level 10 of the Dungeon
 13956 | D:10     | Noticed a two-headed ogre
 14233 | D:10     | Reached XP level 11. HP: 50/54 MP: 12/12
 14303 | D:10     | Noticed a two-headed ogre
 14316 | D:10     | Killed a two-headed ogre
 14417 | D:10     | Killed a two-headed ogre
 14519 | D:10     | Found a flagged portal.
 14528 | Bailey   | Entered a bailey
 14681 | Bailey   | Found a large runed translucent door.
 14681 | Bailey   | Found a large runed translucent door.
 14682 | Bailey   | Noticed a deep elf zephyrmancer
 14683 | Bailey   | Noticed an orc knight
 14690 | Bailey   | Killed an orc knight
 14690 | Bailey   | Reached *** piety under Dithmenos
 14813 | Bailey   | Killed a deep elf zephyrmancer
 14944 | Bailey   | Identified the +7 short sword of the Turnip {drain, Str+2}
 15334 | D:10     | Found a runed translucent door.
 15334 | D:10     | Noticed an orc knight
 15335 | D:10     | Noticed a flayed ghost
 15372 | D:10     | Killed an orc knight
 15637 | D:10     | Noticed an orc knight
 15640 | D:10     | Killed an orc knight
 15650 | D:10     | Reached skill level 10 in Ranged Weapons
 15718 | D:10     | Identified the +0 helmet "Wiz Ces" {rF++ rC++ Dex-3}
 16016 | D:10     | Killed a flayed ghost
 16217 | D:11     | Found Korghor's Book Shoppe.
 16420 | D:11     | Noticed a green ugly thing
 16531 | D:10     | Killed a green ugly thing
 16532 | D:10     | Reached skill level 5 in Fighting
 16595 | D:11     | Reached skill level 13 in Stealth
 16757 | D:11     | Reached skill level 10 in Dodging
 16879 | D:11     | Noticed a boulder beetle
 16940 | D:11     | Reached XP level 12. HP: 60/60 MP: 13/13
 17179 | D:11     | Killed a boulder beetle
 17235 | D:11     | Got Plog's Textbook on Creation and Arcane Weapons
 17240 | D:11     | Identified the ring of the Delightful God {Fly rC- Will++
                  | SInv Stlth+}
 17292 | D:11     | Noticed a boulder beetle
 17299 | D:11     | Killed a boulder beetle
 17441 | D:11     | Noticed a two-headed ogre
 17445 | D:11     | Killed a two-headed ogre
 17575 | D:12     | Found Dupotseff's Jewellery Shop.
 17788 | D:12     | Reached skill level 1 in Spellcasting
 17941 | D:12     | Reached skill level 14 in Stealth
 17953 | D:12     | Found a staircase to the Orcish Mines.
 17996 | D:12     | Found a runed translucent gate.
 17996 | D:12     | Found a runed translucent gate.
 17996 | D:12     | Found a runed translucent gate.
 17997 | D:12     | Noticed hgbash's ghost (journeyman TrFi)
 17999 | D:12     | Noticed a fire giant
 18341 | D:12     | You are sucked into a shaft and drop 3 floors!
 18341 | D:15     | Entered Level 15 of the Dungeon
 18467 | D:13     | Identified the +5 trident of Fimbulwinter {freeze, rF-
                  | Str+3}
 18978 | Lair:1   | Entered Level 1 of the Lair of Beasts
 19207 | Lair:1   | Reached **** piety under Dithmenos
 19276 | Lair:1   | Reached skill level 10 in Throwing
 19461 | Lair:1   | Noticed a death yak
 19820 | Lair:1   | Noticed Grum
 19919 | Lair:1   | Killed Grum
 20140 | D:9      | Killed a death yak
 20212 | Lair:1   | Noticed a dire elephant
 20212 | Lair:1   | Noticed a dire elephant
 20213 | Lair:1   | Noticed an eight-headed hydra
 20302 | Lair:1   | Killed an eight-headed hydra
 20417 | Lair:1   | Killed a dire elephant
 20543 | Lair:1   | Killed a dire elephant
 20544 | Lair:1   | Reached skill level 15 in Stealth
 20544 | Lair:1   | Reached XP level 13. HP: 64/64 MP: 20/20
 21674 | Lair:1   | Reached skill level 5 in Spellcasting
 21859 | Lair:2   | Found a hole to the Spider Nest.
 22788 | Lair:2   | Noticed Sonja
 22789 | Lair:2   | Noticed Urug
 22818 | Lair:1   | Killed Sonja
 22851 | Lair:2   | Killed Urug
 23126 | Lair:2   | Identified the +11 long sword of Coyg {heavy, rPois rF+
                  | Str+2}
 23135 | Lair:2   | Found a staircase to the Swamp.
 23895 | Lair:3   | Identified the staff of conjuration "Plog" {rC+ Will+
                  | Int+6}
 23969 | Lair:3   | Reached ***** piety under Dithmenos
 25489 | Lair:4   | Reached XP level 14. HP: 70/70 MP: 24/24
 26700 | Lair:5   | Entered Level 5 of the Lair of Beasts
 26899 | Lair:5   | Found a viscous altar of Jiyva.
 26899 | Lair:5   | Found a staircase to the Slime Pits.
 27223 | Lair:5   | Reached skill level 5 in Evocations
 27406 | Lair:4   | Reached ****** piety under Dithmenos
 28337 | Lair:5   | Identified the +2 helmet "Vumoutre" {Str+4 Stlth+}
 28747 | Orc:1    | Entered Level 1 of the Orcish Mines
 28875 | Orc:2    | Entered Level 2 of the Orcish Mines
 28875 | Orc:2    | Found a staircase to the Elven Halls.
 28955 | Orc:1    | Found a frozen archway.
 29056 | IceCv    | Entered an ice cave
 29115 | IceCv    | Reached skill level 16 in Stealth
 29334 | IceCv    | Found an ancient bone altar of Kikubaaqudgha.
 29356 | IceCv    | Reached XP level 15. HP: 75/75 MP: 26/26
 30422 | Orc:2    | Found Haacuc's Assorted Antiques.
 30546 | Orc:2    | Found Yplutt's Jewellery Emporium.
 30547 | Orc:2    | Found Ruphagg's Weapon Boutique.
 30597 | Orc:2    | Bought 6 atropa-tipped darts for 75 gold pieces
 30645 | Orc:2    | Noticed Snorg
 30717 | Orc:2    | Killed Snorg
 30892 | Orc:2    | Found Ruik's Jewellery Boutique.
 30892 | Orc:2    | Found Issueluw's Book Emporium.
 31016 | Orc:2    | Found Emaicsor's Weapon Shoppe.
 31107 | Orc:2    | Found Docuit's Armour Shop.
 31563 | Elf:1    | Entered Level 1 of the Elven Halls
 31656 | Orc:2    | Bought a glowing cloak for 142 gold pieces
 32273 | Elf:1    | Reached skill level 15 in Ranged Weapons
 32279 | Elf:1    | Learned a level 1 spell: Shock
 32352 | Elf:1    | Got the Meditations on the Autopsy
 32574 | Elf:1    | Reached skill level 17 in Stealth
 32642 | Elf:1    | Learned a level 1 spell: Beastly Appendage
 33118 | Elf:1    | Found Jehoe's Assorted Antiques.
 33128 | Elf:1    | Bought a runed robe for 103 gold pieces
 33513 | Elf:2    | Reached XP level 16. HP: 51/81 MP: 27/27
 33658 | Elf:2    | Found a runed translucent gate.
 33659 | Elf:2    | Found a runed translucent gate.
 33885 | Elf:2    | Noticed Asterion
 34282 | Elf:2    | Killed Asterion
 34373 | Elf:2    | Found a runed translucent gate.
 36613 | D:13     | Noticed Azrael
 37053 | D:13     | Found a portal to a secret trove of treasure.
 37772 | D:13     | Killed Azrael
 38566 | D:14     | Found a gate to the Vaults.
 39715 | D:15     | Reached skill level 10 in Evocations
 39773 | D:15     | Reached skill level 18 in Stealth
 39852 | D:15     | Found a staircase to the Depths.
 41168 | Swamp:1  | Entered Level 1 of the Swamp
 42402 | Swamp:2  | Reached XP level 17. HP: 88/88 MP: 28/28
 42798 | Swamp:2  | Found a runed translucent gate.
 42799 | Swamp:2  | Found a runed translucent gate.
 42799 | Swamp:2  | Found a runed translucent gate.
 43521 | Swamp:2  | Noticed Ykec Esm's ghost (journeyman DrWn)
 44536 | Swamp:3  | Identified the ring "Delereah" {Fly Will+}
 45029 | Swamp:4  | Entered Level 4 of the Swamp
 45099 | Swamp:4  | Reached skill level 1 in Translocations
 45589 | Swamp:3  | Learned a level 2 spell: Blink
 46659 | Swamp:4  | Reached skill level 19 in Stealth
 46985 | Swamp:4  | Noticed the 27-headed Lernaean hydra
 47020 | Swamp:4  | Killed the 27-headed Lernaean hydra
 47022 | Swamp:4  | Got a decaying rune of Zot
 47369 | Swamp:4  | Noticed a tentacled monstrosity
 47375 | Swamp:4  | Noticed Aizul
 47377 | Swamp:4  | Killed a tentacled monstrosity
 47583 | Swamp:3  | HP: 2/88 [spriggan air mage/the air (24)]
 47590 | Swamp:3  | Killed from afar by a spriggan air mage

Illustrated notes

Levels and vault maps discovered:
D:1:      pf_arrival_petrified_forest, layout_basic, grunt_decor_mini_mirrors,
          minmay_3d_cube
D:2:      layout_basic, minmay_mini_jars, uniq_terence, uniq_sigmund
D:3:      layout_rooms, dreamdust_ecumenical_altar_drowned_temple, uniq_jessica
D:4:      layout_layer_cave, serial_shops, shop, nrook_loot_triangle,
          pf_guarded_unrand_woodcutter, uniq_natasha, uniq_eustachio,
          uniq_edmund
D:5:      layout_basic, fedhas_altar_4, nicolae_overflow_crystal_walls,
          okawaru_gym_becter, overflow_temple_1_default, lightli_corner_chamber
D:6:      layout_gridville, lemuel_round_altar, overflow_temple_1_default,
          minmay_temple_entry_proselytizer
D:7:      layout_loops_ring, mainiacjoe_overflow_concentric_impassable,
          uniq_maggie
D:8:      layout_basic, lemuel_tele_altar, nicolae_wwwww
D:9:      layout_roguey, lair_entry_dummy, minmay_misc_feat_chi
D:10:     layout_stronghold, enter_bailey_2, st_stairs_1, minivault_13
D:11:     layout_loops_corners, serial_shops, nicolae_shop_getting_attention,
          minmay_diamond_spiral
D:12:     layout_stronghold, orc_0_dummy, gammafunk_ghost_split, serial_shops,
          nicolae_shop_gaudy_bauble
D:13:     layout_loops_ring, nicolae_trove_entry_path_of_doom,
          kennysheep_opposing_triangles, uniq_azrael
D:14:     layout_stronghold, david_vaults_1, gauntlet_entry_generic,
          chequers_serial_rivers_large_b
D:15:     gammafunk_depths_entry_grave, layout_basic, serial_ice, serial_ice_h,
          serial_ice_c, serial_ice_g, serial_ice_m, minmay_hedge_maze,
          minmay_librarian
Temple:   eino_temple_water
Lair:1:   layout_loops_ring, nicolae_lair_lakeside_cave, uniq_grum
Lair:2:   layout_concentric_octagons, minmay_swamp_entry_wisps,
          hellmonk_spider_entry_life_and_decay, serial_bayou_pond_e,
          grunt_forest_large_clearings, uniq_sonja, uniq_urug
Lair:3:   layout_roguey
Lair:4:   layout_cave_pods, grunt_megastairs_2
Lair:5:   grunt_lair_end_beastmaster, layout_cave_pods,
          minmay_slime_entry_oklob_open
Swamp:1:  layout_falls_marsh, evilmike_swamp_ruin_house_1, swamp_pool3,
          grunt_lady_of_the_lake
Swamp:2:  layout_falls_marsh, gammafunk_ghost_necromancy, serial_swamp_ruin,
          evilmike_swamp_ruin_house_6, hangedman_swamp_ruin_wall
Swamp:3:  nicolae_swamp_secret_spriggan_hideout, layout_basic_swamp,
          evilmike_swamp_ruin_house_5
Swamp:4:  grunt_swamp_rune_castle, layout_basic_swamp, uniq_aizul
Orc:1:    layout_diamond_mine, portal_ice_cave_entry_pillars_1
Orc:2:    st_orc_town, layout_caves, basic_altar, serial_shops,
          nicolae_shop_dealshenge, nicolae_shop_real_fake_doors, shop,
          uniq_snorg
Elf:1:    layout_gridlike, serial_shops, nicolae_diamond_shop,
          minmay_elf_necromancy
Elf:2:    nicolae_elf_blades_splatter_lattice
          [nicolae_blade_entry_diamond_columns], layout_rooms, uniq_asterion

Skill      XL: |  1  2  3  4  5  6  7  8  9 10 11 12 13 14 15 16 17 |
---------------+----------------------------------------------------+-----
Stealth        | 6 7 9 10 11 12 13 15 16 17 18 19 | 19.1
Ranged Weapons | 2 3 5 7 8 10 11 12 14 15 16 17 | 17.2
Dodging        | 3 5 7 8 10 11 13 14 | 14.7
Fighting       | 2 3 4 5 6 7 8 9 |  9.7
Throwing       | 3 4 5 6 8 9 10 11 12 13 14 | 14.6
Short Blades   | 3 4 5 6 7 8 |  8.4
Armour         | 1 2 3 4 |  4.3
Evocations     | 1 2 6 9 10 11 | 11.3
Spellcasting   | 4 6 7 8 |  8.0
Translocations | 4 |  4.2

Action                     |  1- 3 |  4- 6 |  7- 9 | 10-12 | 13-15 | 16-18 || total
---------------------------+-------+-------+-------+-------+-------+-------++-------
  Melee: Dagger            |    34 |    91 |   380 |   289 |   709 |   340 ||  1843
         Punch             |       |     2 |     3 |     1 |     9 |     3 ||    18
   Fire: Sling             |     2 |    33 |   114 |       |       |       ||   149
         Shortbow          |       |       |   188 |   193 |       |       ||   381
         Arbalest          |       |       |       |   163 |   969 |   745 ||  1877
  Throw: Dart              |     9 |    12 |    54 |   101 |    77 |    24 ||   277
         Boomerang         |       |       |    10 |       |       |       ||    10
  Evoke: Wand              |       |       |     8 |     7 |     5 |    12 ||    32
         Phantom mirror    |       |       |       |     1 |     1 |       ||     2
         Lightning rod     |       |       |       |       |       |     6 ||     6
    Use: Scroll            |       |       |     6 |     9 |     5 |     9 ||    29
         Potion            |       |       |     1 |     3 |     4 |     8 ||    16
   Stab: Sleeping          |    16 |    14 |    19 |    34 |    75 |    46 ||   204
         Distracted        |       |       |       |     3 |     1 |     4 ||     8
         Paralysed         |       |       |       |     1 |       |       ||     1
         Invisible         |       |       |       |       |       |     1 ||     1
 Armour: Robe              |     3 |     9 |    25 |       |     8 |       ||    45
         Acid dragon scale |       |       |    10 |    43 |    74 |     7 ||   134
         Troll leather arm |       |       |       |       |    15 |    22 ||    37
  Dodge: Dodged            |    10 |    49 |   310 |   346 |   926 |   553 ||  2194
